 Dungeon Crawl Stone Soup version 0.15.0-18-g9076a4f (webtiles) character file.

3576 Medar the Grappler (level 9, -1/80 HPs)
             Began as a Troll Chaos Knight on Sept 6, 2014.
             Was a Plaything of Xom.
             Killed from afar by a manticore (11 damage)
             ... with a volley of spikes
             ... on Level 8 of the Dungeon.
             The game lasted 00:21:01 (7155 turns).

Medar the Grappler (Troll Chaos Knight)             Turns: 7155, Time: 00:21:01

HP  -1/80        AC  9     Str 24      XL: 9   Next: 84%
MP   4/4         EV 10     Int  6      God: Xom
Gold 169         SH  0     Dex 12      Spells:  1 memorised,  5 levels left

rFire  . . .     SeeInvis .       - Unarmed
rCold  . . .     Clarity  .     b - +2 robe
rNeg   . . .     rCorr    .     (shield restricted)
rPois  .         rRot     .     (helmet restricted)
rElec  .         Spirit   .     t - +1 cloak
SustAb .         Warding  .     (gloves unavailable)
rMut   .         Stasis   .     (boots unavailable)
Gourm  +                        (no amulet)
MR     .....                    (no ring)
                                A - ring of wizardry

@: manticore barbs, very slightly contaminated, hasted, very quick, not
resistant to hostile enchantments, very unstealthy
A: unfitting armour, claws 3, agile 1, dopey 1, fast metabolism 3, gourmand,
regeneration 2, saprovore 2, screaming 1, shaggy fur 1, tough skin 2, no device
heal 1
a: Renounce Religion


You were on level 8 of the Dungeon.
You worshipped Xom.
You were a toy of Xom.
You were full.

You visited 1 branch of the dungeon, and saw 8 of its levels.

You collected 300 gold pieces.
You spent 131 gold pieces at shops.

Inventory:

Hand weapons
 u - a +4 quarterstaff of chaos
Missiles
 e - 24 poisoned needles
Armour
 b - a +2 robe (worn)
 t - a +1 cloak (worn)
 z - the -3 robe of the Sparrow {rC++ Stlth+}
   (You bought it in a shop on level 6 of the Dungeon)

   It greatly protects you from cold.
   It makes you more stealthy.
Magical devices
 s - a wand of digging (3)
 D - a wand of polymorph (12)
 E - a wand of random effects (2)
 K - a wand of polymorph (8)
Comestibles
 a - 4 meat rations
 k - 2 slices of pizza
 l - 4 bread rations
 m - 2 beef jerkies
Scrolls
 h - 4 scrolls of remove curse {@r1}
 i - 2 scrolls of magic mapping
 j - 4 scrolls of teleportation
 n - a scroll of random uselessness {unknown}
 o - 2 scrolls of enchant weapon
 p - 2 scrolls of noise
 w - a scroll of identify {@r2}
 x - a scroll of enchant armour
 B - a scroll of immolation
 C - a scroll of holy word {unknown}
Jewellery
 A - a ring of wizardry (left claw)
 G - an uncursed ring of ice
Potions
 c - a potion of might
 d - 2 potions of haste
 g - 3 potions of cancellation
 r - a potion of flight
 F - a potion of beneficial mutation {unknown}
Books
 q - a book of Ice

   Spells                             Type                      Level
   Metabolic Englaciation             Hexes/Ice                    5
   Ozocubu's Refrigeration            Ice                          6
   Bolt of Cold                       Conjuration/Ice              6
   Freezing Cloud                     Conjuration/Ice/Air          6
   Simulacrum                         Ice/Necromancy               6
 v - a book of Transfigurations

   Spells                             Type                      Level
   Stoneskin                          Transmutation/Earth          2
   Ice Form                           Ice/Transmutation            4
   Statue Form                        Transmutation/Earth          6
   Dragon Form                        Transmutation                7
 y - a book of Geomancy

   Spells                             Type                      Level
   Sandblast                          Earth                        1
   Stoneskin                          Transmutation/Earth          2
   Passwall                           Transmutation/Earth          3
   Stone Arrow                        Conjuration/Earth            3
   Petrify                            Transmutation/Earth          4
   Lee's Rapid Deconstruction         Earth                        5
 H - a book of Necromancy

   Spells                             Type                      Level
   Pain                               Necromancy                   1
   Animate Skeleton                   Necromancy                   1
   Vampiric Draining                  Necromancy                   3
   *Regeneration                      Charms/Necromancy            3
   Animate Dead                       Necromancy                   4
   Control Undead                     Necromancy                   4
 I - a book of Power

   Spells                             Type                      Level
   Fulminant Prism                    Conjuration/Hexes            4
   Iskenderun's Mystic Blast          Conjuration                  4
   Venom Bolt                         Conjuration/Poison           5
   Bolt of Magma                      Conjuration/Fire/Earth       5
   Iron Shot                          Conjuration/Earth            6
   Orb of Destruction                 Conjuration                  7


   Skills:
 - Level 2.4 Fighting
 - Level 1.9 Dodging
 + Level 13.8 Unarmed Combat


You had 5 spell levels left.
You knew the following spells:

 Your Spells              Type           Power        Failure   Level  Hunger
q - Regeneration          Chrm/Necr      #.........   75%         3    ####...


Dungeon Overview and Level Annotations

Branches:
Dungeon (8/15)             Temple (0/1) D:5
   Lair: D:8-11

Altars:
Qazlal
Xom

Shops:
D:5 %   D:6 [


Innate Abilities, Weirdness & Mutations

You are too large for most types of armour.
You have claws for hands.
Your metabolism is lightning-fast.
You like to eat raw meat.
You heal very quickly.
You can eat rotten meat.
You are covered in fur (AC +1).
You have very tough skin (AC +2).
You are agile. (Dex +2)
You are dopey. (Int -2)
You occasionally shout uncontrollably at your foes.
Potions and wands are less effective at restoring your health.


Message History

Aim: a manticore (moderately wounded, bleeding, fleeing)
Your attack snaps the manticore out of its fear.
The manticore resists.
The manticore flicks its tail!
The volley of spikes misses you.
Evoke which item? (* to show all) (? for menu, Esc to quit)
Zapping:
D - a wand of polymorph {zapped: 1}
Press: ? - help, Shift-Dir - straight line, f/p - manticore
Aim: a manticore (moderately wounded, bleeding)
The manticore easily resists.
Evoke which item? (* to show all) (? for menu, Esc to quit)
Zapping:
E - a wand of random effects {zapped: 5}
Press: ? - help, Shift-Dir - straight line, f/p - manticore
Aim: a manticore (moderately wounded, bleeding)
The puff of frost hits the manticore.
The manticore is moderately wounded.
The manticore is no longer bleeding.
The manticore flicks its tail!
The volley of spikes skewers you!
The barbed spikes become lodged in your body.
You die...
Xom bursts into laughter!

.......#.#.....#.#.##
###.##.............#
#.###..#.......#.# #.#
#............# #.#
#.##.#.#.#.#.#
#)###^##....#.#..#####
#([)..##.#.#.#.#......
#.##..##.#....#...###
###.##..##...#$#@#..#
.(......####.#.....##
#.####.## #.###.#H.#
#.# #.# #....# #.# #.#
### .# #.####.# ##
.......# #.###### #.#


You could see a manticore.

Vanquished Creatures
  Pikel (D:7)
  Prince Ribbit (D:7)
  2 hungry ghosts (D:7)
  3 orc warriors
  A sky beast (D:6)
  A phantom (D:5)
  3 slaves (D:7)
  4 centaurs
  3 giant frogs
  3 scorpions
  10 wights
  2 jellies
  A hippogriff skeleton (D:6)
  2 goliath beetles (D:6)
  3 crimson imps
  A quasit (D:2)
  Crazy Yiuf (D:2)
  6 orc priests
  4 hounds
  3 iguanas
  Natasha (D:3)
  4 orc wizards
  A worker ant (D:4)
  Ijyb (D:2)
  Jessica (D:2)
  Terence (D:3)
  A gnoll (D:8)
  A scorpion zombie (D:7)
  6 adders
  A white imp (D:1)
  3 worms
  2 giant geckos
  24 orcs
  16 bats
  A bat skeleton (D:5)
  3 giant cockroaches
  16 goblins
  18 hobgoblins
  10 jackals
  13 kobolds
  3 quokkas
  2 ball pythons
  A giant cockroach zombie (D:5)
  7 giant newts
  A hobgoblin skeleton (D:7)
  A hobgoblin zombie (D:7)
  A quokka zombie (D:7)
  13 rats
208 creatures vanquished.

Vanquished Creatures (collateral kills)
  A giant frog (D:6)
  2 wights (D:6)
  A gnoll (D:3)
4 creatures vanquished.

Vanquished Creatures (others)
  A centaur (D:5)
  A killer bee zombie (D:5)
  2 shadow imps (D:6)
  An ufetubus (D:6)
5 creatures vanquished.

Grand Total: 217 creatures vanquished

Notes
Turn   | Place    | Note
--------------------------------------------------------------
     0 | D:1      | Medar, the Troll Chaos Knight, began the quest for the Orb.
     0 | D:1      | Reached XP level 1. HP: 22/22 MP: 1/1
    66 | D:1      | Reached XP level 2. HP: 29/29 MP: 1/1
    74 | D:1      | XOM: harmless Tloc miscast
   293 | D:1      | XOM: harmless Divn miscast
   378 | D:1      | Reached skill level 4 in Unarmed Combat
   713 | D:1      | XOM: mild Conj miscast
   720 | D:1      | XOM: colour smoke trail
   821 | D:1      | XOM: summons 1 hostile demon
   917 | D:2      | Reached XP level 3. HP: 26/36 MP: 2/2
  1073 | D:2      | Noticed Jessica
  1082 | D:2      | Killed Jessica
  1224 | D:2      | Noticed Ijyb
  1235 | D:2      | Killed Ijyb
  1235 | D:2      | Reached skill level 5 in Unarmed Combat
  1235 | D:2      | Reached XP level 4. HP: 44/44 MP: 2/2
  1508 | D:2      | XOM: mild Summ miscast
  1509 | D:2      | Noticed a spatial vortex
  1697 | D:2      | XOM: silly message
  1720 | D:2      | Noticed Crazy Yiuf
  1725 | D:2      | Killed Crazy Yiuf
  1869 | D:2      | XOM: colour smoke trail
  1886 | D:2      | XOM: severe Trmt miscast
  1912 | D:2      | XOM: summons 2 hostile demons
  2050 | D:3      | XOM: chaos upgrade
  2066 | D:3      | Reached XP level 5. HP: 34/50 MP: 2/2
  2068 | D:3      | Reached skill level 6 in Unarmed Combat
  2184 | D:3      | Reached XP level 6. HP: 55/59 MP: 3/3
  2251 | D:3      | Noticed Terence
  2266 | D:3      | Killed Terence
  2266 | D:3      | Reached skill level 7 in Unarmed Combat
  2331 | D:3      | XOM: noise
  2449 | D:3      | XOM: divination: magic mapping
  2482 | D:3      | XOM: 1-stop teleportation journey
  2640 | D:3      | XOM: destruction
  2723 | D:3      | Noticed Natasha
  2726 | D:3      | Killed Natasha
  2741 | D:3      | Reached skill level 8 in Unarmed Combat
  2923 | D:3      | Reached XP level 7. HP: 22/66 MP: 3/3
  3060 | D:4      | XOM: god gift: papyrus book {god gift}
  3090 | D:4      | XOM: 1-stop teleportation journey
  3480 | D:4      | XOM: polymorph bat -> orc
  3518 | D:4      | XOM: scenery: create altars
  3631 | D:4      | XOM: medium Fire miscast
  3733 | D:4      | Reached skill level 9 in Unarmed Combat
  3845 | D:5      | Entered Level 5 of the Dungeon
  3957 | D:5      | Found a staircase to the Ecumenical Temple.
  4072 | D:5      | Found Bakebuog's Food Shop.
  4243 | D:5      | Reached XP level 8. HP: 72/74 MP: 3/3
  4246 | D:5      | Reached skill level 10 in Unarmed Combat
  4309 | D:5      | XOM: confusion
  4313 | D:5      | XOM: confusion
  4316 | D:5      | XOM: divine lightning
  4342 | D:5      | Gained mutation: You are partially covered in rugged brown scales (AC +1, +3% HP). [potion of mutation]
  4342 | D:5      | Gained mutation: You are partially covered in slimy green scales (AC +2). [potion of mutation]
  4342 | D:5      | Gained mutation: You have large cloven feet. [potion of mutation]
  4342 | D:5      | XOM: stat loss: -1 Str (22/23)
  4349 | D:5      | Lost mutation: You are partially covered in slimy green scales (AC +2). [potion of cure mutation]
  4349 | D:5      | Lost mutation: You have large cloven feet. [potion of cure mutation]
  4349 | D:5      | Lost mutation: You are partially covered in rugged brown scales (AC +1, +3% HP). [potion of cure mutation]
  4399 | D:4      | XOM: harmless Conj miscast
  4410 | D:4      | XOM: medium Fire miscast
  4449 | D:4      | XOM: silly message
  4550 | D:5      | Found a stormy altar of Qazlal.
  4689 | D:6      | XOM: enchant monster (bad)
  4698 | D:6      | XOM: noise
  4701 | D:6      | XOM: enchant monster (bad)
  4702 | D:6      | XOM: summons 5 friendly demons
  4991 | D:5      | XOM: scenery: 1 doors open, 2 doors close
  5079 | D:6      | XOM: repel stairs
  5243 | D:6      | Reached skill level 11 in Unarmed Combat
  5323 | D:6      | XOM: 2-stop teleportation journey
  5469 | D:6      | Found Yraim's Antique Armour Shop.
  5475 | D:6      | XOM: summons 5 friendly demons
  5515 | D:6      | Bought a distressingly furry robe for 131 gold pieces
  5526 | D:6      | Identified the cursed -3 robe of the Sparrow {rC++ Stlth+} (You bought it in a shop on level 6 of the Dungeon)
  5585 | D:6      | XOM: summons friendly iron imp
  5586 | D:6      | XOM: chaos upgrade
  5591 | D:6      | Reached XP level 9. HP: 75/80 MP: 4/4
  5596 | D:6      | XOM: polymorph iron imp -> quasit
  5599 | D:6      | Reached skill level 12 in Unarmed Combat
  5694 | D:6      | XOM: noise
  5723 | D:6      | XOM: give mutation
  5723 | D:6      | Gained mutation: You occasionally shout uncontrollably at your foes. [Xom's mischief]
  5765 | D:6      | XOM: give mutations
  5765 | D:6      | Gained mutation: Potions and wands are less effective at restoring your health. [Xom's mischief]
  5765 | D:6      | Gained mutation: You are dopey. (Int -2) [Xom's mischief]
  5765 | D:6      | Gained mutation: You are agile. (Dex +2) [Xom's mischief]
  6073 | D:7      | Noticed Prince Ribbit
  6098 | D:7      | Killed Prince Ribbit
  6185 | D:7      | Noticed Pikel
  6199 | D:7      | XOM: 8-stop teleportation journey
  6349 | D:7      | XOM: draining
  6364 | D:7      | Reached skill level 13 in Unarmed Combat
  6515 | D:7      | XOM: summons 3 friendly demons
  6521 | D:7      | Killed Pikel
  6833 | D:7      | Learned a level 3 spell: Regeneration
  6839 | D:7      | XOM: silly message
  6904 | D:8      | XOM: scenery: create altars
  6951 | D:8      | XOM: polymorph orc wizard -> gnoll
  7141 | D:8      | Noticed a manticore
  7155 | D:8      | Killed from afar by a manticore

Action                   |  1- 3 |  4- 6 |  7- 9 || total
-------------------------+-------+-------+-------++-------
Melee: Unarmed           |    88 |   161 |   369 ||   618
Evoke: Wand              |       |     1 |     8 ||     9
  Use: Scroll            |     4 |     2 |     7 ||    13
       Potion            |       |       |     6 ||     6
 Stab: Sleeping          |       |     1 |       ||     1
       Distracted        |       |       |     2 ||     2
  Eat: Chunk             |    15 |    17 |    41 ||    73
